 Dungeon Crawl Stone Soup version 0.18-a0-1726-g399342b (webtiles) character file.

136 Kroolek the Shield-Bearer (level 5, -11/33 HPs)
             Began as a Gargoyle Fighter on Mar 29, 2016.
             Killed by divine providence
             ... invoked by an orc priest
              (15 damage)
             ... on level 3 of the Dungeon.
             The game lasted 00:06:44 (2332 turns).

Kroolek the Shield-Bearer (Gargoyle Fighter)        Turns: 2332, Time: 00:06:44

Health: -11/33     AC: 15    Str: 21    XL:     5   Next: 19%
Magic:  5/5        EV:  4    Int:  8    God:
Gold:   108        SH:  9    Dex: 11    Spells: 0 memorised, 4 levels left

rFire  . . .     SeeInvis .     a - +0 flail
rCold  . . .     Gourm    .     g - +0 plate armour
rNeg   + . .     Faith    .     c - +0 shield
rPois  ∞         Spirit   .     (no helmet)
rElec  +         Dismiss  .     (no cloak)
rCorr  .         Reflect  .     (no gloves)
SustAt .         Harm     .     (no boots)
MR     .....                    (no amulet)
Stlth  ..........               (no ring)
                                i - +2 ring of dexterity

@: not resistant to hostile enchantments, extremely unstealthy
A: negative energy resistance 1, electricity resistance, unbreathing,
petrification resistance, rot immunity, AC +4
a: no special abilities


You were on level 3 of the Dungeon.
You were not hungry.

You visited 1 branch of the dungeon, and saw 4 of its levels.

You collected 108 gold pieces.

Inventory:

Hand Weapons
 a - a +0 flail (weapon)
Armour
 c - a +0 shield (worn)
 g - a +0 plate armour (worn)
Jewellery
 i - a +2 ring of dexterity (left hand)
Wands
 v - a wand of confusion (22/48)
Scrolls
 b - a scroll of recharging {unknown}
 e - 4 scrolls of identify {unknown}
 h - a scroll of random uselessness {unknown}
 j - a scroll of enchant weapon {unknown}
 m - 4 scrolls of remove curse {unknown}
 n - 2 scrolls of fear {unknown}
 q - 2 scrolls of fog {unknown}
 t - a scroll of enchant armour {unknown}
 u - a scroll of magic mapping {unknown}
 w - a scroll of blinking {unknown}
Potions
 d - 2 potions of might
 k - a potion of heal wounds {unknown}
 p - 2 potions of curing {unknown}
 r - a potion of flight {unknown}
 s - a potion of lignification {unknown}
 z - 3 potions of degeneration {unknown}
Comestibles
 f - 2 bread rations
 l - 2 meat rations
 o - a slice of pizza


   Skills:
 + Level 4.0 Fighting
 + Level 3.3 Maces & Flails
 + Level 4.0 Armour
 - Level 0.1 Dodging
 + Level 4.3 Shields


You had 4 spell levels left.
You didn't know any spells.

Dungeon Overview and Level Annotations

Branches:
Dungeon (4/15)
 Temple: D:4-7

Altars:
Dithmenos
Qazlal


Innate Abilities, Weirdness & Mutations

You are resistant to torment.
Your stone body is resilient (AC +4).
You are immune to poison.
You resist negative energy.
You are resistant to electric shocks.
You can survive without breathing.
You are immune to petrification.
You are immune to rotting.


Message History

The orc hits you but does no damage.
The orc priest invokes the aid of Beogh against you.
Pain shoots through your body!
* * * LOW HITPOINT WARNING * * *
Something hits you but does no damage. The orc hits you but does no damage.
You closely miss the orc priest.
The orc priest is severely wounded.
You block the orc's attack.
The orc priest hits you but does no damage.
You block something's attack. The orc hits you but does no damage.
You hit the orc priest.
The orc priest is almost dead.
The orc priest hits you but does no damage.
You block the orc's attack.
You hear some strange, mumbled words.
A puff of flame appears from out of thin air!
The puff of flame hits you! The orc hits you but does no damage.
The orc priest invokes the aid of Beogh against you.
Beogh smites you!
You die...

#.# #.#.####.####..##### #.#
#.#................### #.#
#####.#....).............## #.#
#.....####...##..##.##.#... #>#
#.##### #............†..## #.#
#.# #...###.##.##...# #.####.#
#.### #.##.##.#.# #...)..#
#o#####.....(...#
######(########@o........##...#
#...(........{o.###.........#
#.##(.#<#######.# ###.###.#.##
####.##..#.# #.# #.# #.#...
.......(.#.# #.#####.###.####
.###.##..#.# #...............
.# #.##..#.# #######.###.#...
.# #.......# #.# #.#.## .#
####..### #.# #.#.##


You could see an orc priest and 2 orcs.

Vanquished Creatures
  3 adders
  A gnoll (D:3)
  2 worms
  3 dart slugs
  4 giant geckos
  3 orcs (D:3)
  6 bats
  7 giant cockroaches
  7 goblins
  14 hobgoblins
  2 jackals (D:1)
  11 kobolds
  3 quokkas
  A ball python (D:1)
  3 giant newts (D:1)
  9 rats
79 creatures vanquished.

Notes
Turn   | Place    | Note
--------------------------------------------------------------
     0 | D:1      | Kroolek the Gargoyle Fighter began the quest for the Orb.
     0 | D:1      | Reached XP level 1. HP: 14/14 MP: 1/1
   186 | D:1      | Reached XP level 2. HP: 16/20 MP: 2/2
   566 | D:1      | Reached XP level 3. HP: 24/24 MP: 3/3
  1340 | D:2      | Reached XP level 4. HP: 29/29 MP: 4/4
  1876 | D:3      | Noticed an earth elemental
  1884 | D:3      | Found a stormy altar of Qazlal.
  1885 | D:3      | Noticed a fire elemental
  1888 | D:3      | Noticed a water elemental
  1888 | D:3      | Noticed an air elemental
  2053 | D:3      | Reached XP level 5. HP: 33/33 MP: 5/5
  2076 | D:3      | Found a shadowy altar of Dithmenos.
  2332 | D:3      | Killed from afar by an orc priest

Vault maps used:
D:1:      elethiomel_arrival_maze, serial_bayou_pond_b
D:2:      grunt_decor_fettered, grunt_decor_mini_mirrors
D:3:      nicolae_qazlal_style_of_elements, old_standard_altar
D:4:      temple_doors_d, kennysheep_small_square, uniq_robin

Skill      XL: |  1  2  3  4  5 |
---------------+----------------+-----
Shields        | 4 |  4.3
Fighting       | 4 |  4.0
Maces & Flails | 3 |  3.3
Armour         | 4 |  4.0
Dodging        | |  0.1

Action                   |  1- 3 |  4- 6 || total
-------------------------+-------+-------++-------
Melee: Flail             |   234 |   136 ||   370
  Eat: Chunk             |     1 |     3 ||     4
       Royal jelly       |       |     1 ||     1
